 Dungeon Crawl Stone Soup version 0.30-a0-1075-gcd70e7a56d (webtiles) character file.

Game seed: 11100038518349478482

4 Pimp the Trooper (level 1, 0/18 HPs)
             Began as a Demonspawn Fighter on Apr 14, 2023.
             Succumbed to a goblin's poison
             ... on level 1 of the Dungeon.
             The game lasted 00:00:09 (26 turns).

Pimp the Trooper (Demonspawn Fighter)                 Turns: 26, Time: 00:00:10

Health: 0/18       AC:  6    Str: 16    XL:     1   Next: 58%
Magic:  1/1        EV:  8    Int:  9    God:
Gold:   0          SH:  4    Dex: 12    Spells: 0/0 levels left

rFire   . . .      SeeInvis .    a - +0 long sword
rCold   . . .      Faith    .    c - +0 buckler
rNeg    . . .      Spirit   .    b - +0 scale mail
rPois   .          Reflect  .    (no helmet)
rElec   .          Rampage  .    (no cloak)
rCorr   .                        (no gloves)
Will    .....                    (no boots) Stlth
                                 (no amulet)
HPRegen 0.23/turn                (no ring)
MPRegen 0.07/turn                (no ring)

@: lethally poisoned (0 -> -12)
A: no striking features
a: no special abilities


You were on level 1 of the Dungeon.
You visited 1 branch of the dungeon, and saw 1 of its levels.

Inventory:

Hand Weapons
 a - a +0 long sword (weapon)
Armour
 b - a +0 scale mail (worn)
 c - a +0 buckler (worn)
Potions
 d - a potion of might


   Skills:
 + Level 3.0 Fighting
 + Level 1.9 Long Blades
 + Level 2.7 Armour
 + Level 2.7 Shields


You couldn't memorise any spells.
You didn't know any spells.
Your spell library was empty.

Dungeon Overview and Level Annotations

Branches:
Dungeon (1/15)

Altars:


Message History

The frilled lizard barely misses you. You block the endoplasm's attack.
The jackal bites you but does no damage.
The frilled lizard bites you.
The endoplasm hits you but does no damage.
You slash the endoplasm!
You kill the endoplasm!
The jackal closely misses you. The jackal bites you.
A kobold comes into view. It is wielding a +0 short sword.
You block the frilled lizard's attack.
The kobold shouts!
You hit the frilled lizard.
You kill the frilled lizard!
The jackal barely misses you. You block the jackal's attack.
The jackal bites you.
The jackal bites you but does no damage.
The kobold throws a stone.
The stone hits you but does no damage.
You hit the jackal.
You kill the jackal!
A goblin comes into view. It is wielding a +2 dagger of venom.
You see here a jackal corpse.
You closely miss the kobold. The kobold barely misses you.
You completely miss the kobold.
The kobold hits you with a +0 short sword.
You closely miss the kobold. The kobold closely misses you.
You block the kobold's attack.
You hit the kobold but do no damage.
The kobold hits you with a +0 short sword.
You barely miss the kobold. The kobold hits you but does no damage.
The kobold hits you with a +0 short sword.
The goblin hits you but does no damage.
You are poisoned.
You hit the kobold but do no damage.
* * * LOW HITPOINT WARNING * * *
You feel very sick. The kobold hits you but does no damage.
The goblin hits you but does no damage.
You are lethally poisoned!
* * * LOW HITPOINT WARNING * * *
You feel very sick. The goblin barely misses you.
You block the kobold's attack.
You die...

#...##.#
.....#.#
.......# #♣#
#....:.# #♣<♣
#.....# . ♣..♣
#....###..
♣..###...#....#
#♣.♣#@.........
♣.♣..#.g....#=
#.♣####†K.!..##
## #.........
.............#.#
....##...###.$..
.. #.... ..##
..#..# ##
#####..


You could see a goblin and a kobold.

Vanquished Creatures
  An endoplasm (D:1)
  2 jackals (D:1)
  A frilled lizard (D:1)
4 creatures vanquished.

Notes
Turn   | Place    | Note
-------+----------+-------------------------------------------
     0 | D:1      | Pimp the Demonspawn Fighter began the quest for the Orb.
     0 | D:1      | Reached XP level 1. HP: 18/18 MP: 1/1
    26 | D:1      | Succumbed to a goblin's poison

Illustrated notes

Levels and vault maps discovered:
D:1:      pf_arrival_petrified_forest, layout_rooms, minmay_tromino_v2

Action                     || total
---------------------------++-------
  Melee: Long sword        ||    12
 Armour: Scale mail        ||     9
  Dodge: Dodged            ||    12
  Block: Buckler           ||     6

Table legend: (Time is in decaauts)
 A = Elapsed time spent in this place.
 B = Non-inter-level travel time spent in this place.
 C = Inter-level travel time spent in this place.
 D = Time resting spent in this place.
 E = Time spent auto-exploring this place.
 F = Levels seen in this place.
 G = Mean time per level.
                   A        B        C        D        E       F      G
               +--------+--------+--------+--------+--------+-----+--------+
         Total |     30 |     30 |      0 |      0 |      5 |   1 |   30.0 |
       Dungeon |     30 |     30 |      0 |      0 |      5 |   1 |   30.0 |
               +--------+--------+--------+--------+--------+-----+--------+

Top non-repeatable levels by time:
     D:1: 30 daAuts
